 Dungeon Crawl Stone Soup version 0.29.1-2-gbd0b4ee654 (webtiles) character file.

Game seed: 13234361049266802327

305150 Lutefisk the Stormcaller (level 20, -15/169 (178) HPs)
             Began as a Black Draconian Conjurer on Oct 23, 2022.
             Was the Champion of Vehumet.
             Demolished by a vault warden
             ... wielding a +3 dire flail of draining
              (48 damage)
             ... on level 3 of the Vaults on Oct 26, 2022.
             The game lasted 04:37:31 (36603 turns).

Lutefisk the Stormcaller (DrCj)                    Turns: 36603, Time: 04:37:32

HP:   -15/169 (178) AC: 17    Str: 15    XL:     20   Next: 27%
MP:   7/40          EV: 19    Int: 20    God:    Vehumet [******]
Gold: 1212          SH: 13    Dex: 14    Spells: 4/51 levels left

rFire   . . .      SeeInvis .   g - staff of air
rCold   . . .      Faith    .   c - +0 kite shield {AC+3}
rNeg    + . .      Spirit   .   (body armour unavailable)
rPois   +          Reflect  .   (helmet restricted)
rElec   +          Harm     .   s - scarf {repulsion}
rCorr   .          Rampage  .   r - +0 pair of gloves
Will    ++...                   x - +2 pair of boots "Caclaus" {Regen+}
Stlth   +++.......              W - amulet of magic regeneration
HPRegen 1.18/turn               G - ring "Ylo Viu" {rPois rN+ Str+2}
MPRegen 0.67/turn               O - ring of willpower

@: about to teleport, flying, drained, repel missiles
A: breathe lightning, AC +10, unfitting armour, big wings, electricity
resistance, cold-blooded
}: 2/15 runes: serpentine, barnacled
a: Breathe Lightning, Renounce Religion


You were on level 3 of the Vaults.
You worshipped Vehumet.
Vehumet was exalted by your worship.
You visited 7 branches of the dungeon, and saw 36 of its levels.
You visited the Abyss 1 time.
You also visited: Volcano.

You collected 3616 gold pieces.
You spent 2404 gold pieces at shops.

Inventory:

Hand Weapons
 e - a +5 long sword of draining
 y - the +3 demon whip "Zaddaw" {pain, Str+4}
   (You bought it in a shop on level 2 of the Vaults)

   In the hands of one skilled in necromantic magic, it inflicts extra damage on
   living creatures.
   Str:       It affects your strength (+4).
 Y - the +2 hand axe of Lerut {vorpal, rPois rCorr Str+2}
   (You found it on level 1 of the Elven Halls)

   It inflicts extra damage upon your enemies.
   Str:       It affects your strength (+2).
   rPois:     It protects you from poison.
   rCorr:     It protects you from acid and corrosion.
Missiles
 u - 11 silver javelins (quivered)
Armour
 c - a +0 kite shield of protection (worn)
 r - a +0 pair of gloves (worn)
 s - a scarf of repulsion (worn)
 x - the +2 pair of boots "Caclaus" (worn) {Regen+}
   (You found it on level 3 of the Elven Halls)

   Regen:     It increases your rate of health regeneration.
Magical Staves
 g - a staff of air (weapon)
Jewellery
 d - a +6 ring of intelligence
 t - a ring of willpower
 B - a ring of protection from cold
 G - the ring "Ylo Viu" (left hand) {rPois rN+ Str+2}
   (You took it off a deep elf sorcerer on level 3 of the Elven Halls)

   [ring of poison resistance]

   Str:       It affects your strength (+2).
   rPois:     It protects you from poison.
   rN:        It protects you from negative energy.
 M - a ring of resist corrosion
 O - a ring of willpower (right hand)
 S - a ring of protection from cold
 W - an amulet of magic regeneration (around neck)
 X - a ring of wizardry
Wands
 i - a wand of iceblast (19)
 o - a wand of digging (5)
 C - a wand of paralysis (15)
 E - a wand of flame (42)
 H - a wand of mindburst (15)
 R - a wand of acid (11)
Scrolls
 f - 9 scrolls of magic mapping
 k - 4 scrolls of teleportation
 p - a scroll of blinking
 v - a scroll of vulnerability
 w - 6 scrolls of torment
 z - 8 scrolls of enchant weapon
 F - 2 scrolls of fog
 I - 4 scrolls of amnesia
 J - 3 scrolls of fear
 N - 4 scrolls of enchant armour
 U - 3 scrolls of immolation
 V - 5 scrolls of poison
Potions
 a - 4 potions of magic
 b - 4 potions of cancellation
 h - 8 potions of heal wounds
 j - 10 potions of brilliance
 m - 15 potions of curing
 n - 8 potions of might
 q - 2 potions of resistance
 A - 5 potions of attraction
 D - 3 potions of ambrosia
 K - 2 potions of lignification
 P - a potion of berserk rage
 Q - 9 potions of mutation
 T - 2 potions of haste
Miscellaneous
 l - a phial of floods
 L - a box of beasts
 Z - a phantom mirror


   Skills:
 - Level 15.0 Fighting
 - Level 6.0 Staves
 - Level 15.5 Dodging
 - Level 5.0 Stealth
 - Level 15.6 Shields
 * Level 16.1 Spellcasting
 - Level 10.0 Conjurations
 - Level 1.0 Hexes
 - Level 2.0 Summonings
 - Level 1.0 Translocations
 - Level 20.0 Air Magic
 - Level 1.0 Earth Magic
 - Level 6.0 Evocations


You had 4 spell levels left.
You knew the following spells:

 Your Spells              Type           Power      Damage    Failure   Level
a - Magic Dart            Conj           100%       1d8       1%          1
b - Searing Ray           Conj           100%       2d8       1%          2
c - Maxwell's Capacitive  Air            48%        ∞         3%          8
d - Static Discharge      Conj/Air       85%        3-14/arc  0%          2
e - Iron Shot             Conj/Erth      19%        9d4       24%         6
f - Conjure Ball Lightni  Conj/Air       42%        3x3d15    1%          6
g - Airstrike             Air            48%        2d(7-23)  0%          4
h - Summon Lightning Spi  Summ/Air       74%        N/A       1%          4
i - Iskenderun's Battles  Conj           54%        2d10      1%          5
j - Sticky Flame          Conj/Fire      36%        2d6       2%          4
k - Lightning Bolt        Conj/Air       42%        1d62      1%          5

Your spell library contained the following spells:

 Spells                   Type           Power      Damage    Failure   Level
 Chain Lightning          Conj/Air       42%        3d56      95%         9
 Polar Vortex             Ice            8%         N/A       100%        9
 Shatter                  Erth           10%        3d11*     100%        9
 Freeze                   Ice            64%        1d8       1%          1
 Sandblast                Erth           40%        2d10      1%          1
 Poisonous Vapours        Pois/Air       100%       N/A       1%          2
 Dazzling Flash           Conj/Hex       76%        N/A       1%          3
 Stone Arrow              Conj/Erth      76%        3d11      1%          3
 Fulminant Prism          Conj/Hex       19%        3d11      1%          4
 Iskenderun's Mystic Bla  Conj/Tloc      38%        2d9       1%          4
 Summon Small Mammal      Summ           96%        N/A       2%          1
 Hailstorm                Conj/Ice       36%        3d9       2%          4
 Apportation              Tloc           40%        N/A       4%          1
 Frozen Ramparts          Ice            32%        1d5       5%          3
 Sting                    Tmut/Pois      64%        1d6       6%          1
 Passwall                 Tmut/Erth      15%        N/A       8%          2
 Call Canine Familiar     Summ           24%        N/A       9%          3
 Sublimation of Blood     Necr           16%        N/A       10%         2
 Wereblood                Tmut           16%        N/A       10%         2
 Summon Guardian Golem    Hex/Summ       22%        N/A       10%         3
 Gell's Gravitas          Tloc           20%        N/A       12%         3
 Lesser Beckoning         Tloc           20%        N/A       12%         3
 Portal Projectile        Hex/Tloc       40%        N/A       12%         3
 Teleport Other           Tloc           20%        N/A       12%         3
 Tukima's Dance           Hex            20%        N/A       12%         3
 Olgreb's Toxic Radiance  Pois           16%        N/A       16%         4
 Ozocubu's Armour         Ice            16%        N/A       19%         3
 Leda's Liquefaction      Hex/Erth       10%        N/A       38%         4
 Passage of Golubria      Tloc           20%        N/A       38%         4
 Anguish                  Hex/Necr       9%         N/A       45%         4
 Animate Dead             Necr           16%        N/A       52%         4
 Dispel Undead            Necr           16%        3d10      52%         4
 Yara's Violent Unravell  Hex/Tmut       9%         3d6       32%         5
 Summon Forest            Summ/Tloc      11%        N/A       67%         5
 Summon Mana Viper        Hex/Summ       22%        N/A       67%         5
 Borgnjor's Vile Clutch   Necr/Erth      9%         N/A       80%         5
 Metabolic Englaciation   Hex/Ice        9%         N/A       80%         5
 Alistair's Intoxication  Tmut/Pois      10%        N/A       86%         5
 Summon Cactus Giant      Summ           12%        N/A       99%         6
 Death Channel            Necr           8%         N/A       100%        6
 Simulacrum               Ice/Necr       8%         N/A       100%        6
 Enfeeble                 Hex            10%        N/A       100%        7
 Ozocubu's Refrigeration  Ice            8%         4d9       100%        7
 Summon Hydra             Summ           12%        N/A       100%        7
 Summon Horrible Things   Summ           12%        N/A       100%        8
 Dragon's Call            Summ           12%        N/A       100%        9


Dungeon Overview and Level Annotations

Branches:
Dungeon (15/15)              Lair (5/5) D:10         Shoals (4/4) Lair:3
  Snake (4/4) Lair:2        Slime (0/5) Lair:5          Orc (2/2) D:11
    Elf (3/3) Orc:2        Vaults (3/5) D:13         Depths (0/4) D:15
Volcano (visited)
 Temple: D:4-7        Crypt: Vaults:2-3

Altars:
Ashenzari
Elyvilon
Gozag
Kikubaaqudgha
Nemelex Xobeh
Ru
Trog
Uskayaw
Vehumet
Zin
Jiyva

Shops:
D:4 !   D:7 *   D:10 ?   D:14 =(   Orc:2 (*(=   Shoals:2 *   Snake:1 :
Vaults:1 :   Vaults:2 !((![

Annotations:
D:3 Sigmund
D:5 Pikel
D:15 6 transporters, 4 runed translucent doors
Shoals:2 2 transporters, RogueRain17's ghost, journeyman DsFE
Elf:1 Roxanne
Vaults:3 Zenata


Innate Abilities, Weirdness & Mutations

You can breathe wild blasts of lightning.
Your glossy black scales are hard. (AC +10)
You cannot fit into any form of body armour.
Your large and strong wings let you fly.
You are resistant to electric shocks. (rElec)
You are cold-blooded and may be slowed by cold attacks.


Message History

The ironbound convoker is struck by an arc of lightning.
The ironbound convoker is heavily wounded.
You resist.
You are struck by an arc of lightning.
The vault warden is struck by an arc of lightning!
The vault warden is moderately wounded.
You resist.
You are struck by an arc of lightning.
The ironbound convoker is struck by an arc of lightning.
The ironbound convoker is heavily wounded.
The lightning grounds out.
The vault warden is struck by an arc of lightning.
The vault warden is moderately wounded.
The ironbound convoker is struck by an arc of lightning.
The ironbound convoker is severely wounded.
The ironbound convoker points at the vault warden and mumbles some strange words.
The vault warden seems to grow stronger.
Your lightning spire shoots out a bolt of lightning at the ironbound convoker!
The bolt of electricity hits the ironbound convoker!!
The ironbound convoker dies!
Vehumet accepts your kill.
The bolt of electricity hits the ironbound convoker!
The vault warden barely misses you.
Zenata casts a spell.
Send 'em back where they came from!
Your lightning spire disappears in a puff of smoke!
Casting: Static Discharge (safe; 0% risk of failure)
Confirm with . or Enter, or press ? or * to list all spells.
You feel a surge of power!
An electric hum fills the air.
The vault warden hits you with a +3 dire flail of draining!!
You partially resist.
You feel drained. Zenata gestures at you while chanting.
A blast of power from the earth strikes you!
The vault warden attacks as you move away!
The vault warden hits you with a +3 dire flail of draining!!!
* * * LOW HITPOINT WARNING * * *
You partially resist.
You feel drained.
* * * LOW HITPOINT WARNING * * *
As you read the scroll of teleportation, it crumbles to dust.
You feel strangely unstable.
The vault warden hits you with a +3 dire flail of draining!!!
You die...

#... #... #...
##################'##
#....................
#....................
#......#####......#'#
#......# ##.....#..
#.8.@..#### ##....#..
#..p......# ##...#..
#..).....## ##..#..
#.).p...## #..+..
#...)...# #..#..
#...a...# #..
#........# #..
#.........# ###
#..........#


You could see Zenata, a vault warden (strong, ally target), an ironbound
convoker (catching breath) and a friendly lightning spire (summoned).

Vanquished Creatures
  Mara (Snake:3)
  Vashnia (Snake:4)
  A lich (Abyss:3)
  Mlioglotl (Lair:3)
  A deep elf master archer (Elf:3)
  Agnes (Snake:2)
  2 sphinxes (Vaults:2)
  2 storm dragons
  4 nagarajas (Snake:4)
  Aizul (Snake:2)
  3 deep elf sorcerers (Elf:3)
  2 cacodemons (Abyss:3)
  4 vault wardens
  An orc warlord (Vaults:3)
  3 deep elf elementalists
  A stone giant (Vaults:1)
  2 very ugly things
  Nessos (D:13)
  2 deep elf demonologists (Elf:3)
  8 ironbound preservers
  An ironbound thunderhulk (Vaults:1)
  4 deep elf annihilators
  An entropy weaver (Vaults:1)
  5 dire elephants
  A deep elf death mage (Elf:3)
  An ettin (Orc:2)
  3 merfolk javelineers
  4 merfolk impalers
  A crystal guardian (Vaults:1)
  Josephine (D:12)
  3 yaktaur captains
  A spriggan zombie (Abyss:3)
  A deep elf high priest (Vaults:3)
  2 great orbs of eyes (Vaults:2)
  A rakshasa (D:14)
  A peacekeeper (Vaults:1)
  A salamander tyrant (Snake:4)
  5 vault guards (Vaults:3)
  3 hydras
  2 merfolk avatars
  4 boulder beetles
  4 ironbound frosthearts
  Erolcha (D:11)
  2 satyrs (Shoals:4)
  A catoblepas (Lair:5)
  2 alligator snapping turtles
  2 ogre magi
  5 anacondas
  7 centaur warriors
  2 tengu warriors
  9 naga warriors
  4 merfolk aquamancers
  13 dancing weapons
  An alligator (shapeshifter) (D:15)
  Urug (Lair:4)
  13 naga sharpshooters
  4 orc high priests (Orc:2)
  13 two-headed ogres
  6 death yaks
  Nergalle (D:12)
  11 shock serpents
  3 deep elf knights
  A sixfirhy (Abyss:3)
  2 skeletal warriors
  2 salamander mystics
  18 deep trolls
  7 sea snakes
  2 glowing orange brains
  4 wizards
  A naga ritualist (Snake:2)
  6 ironbound convokers
  24 harpies
  5 lindwurms
  11 deep elf pyromancers
  8 deep elf zephyrmancers
  2 mana vipers
  A necromancer (Vaults:1)
  A tengu zombie (Vaults:1)
  4 deep elf archers
  2 orc knights
  8 salamanders
  An orc sorcerer (Elf:1)
  21 ugly things
  A shining eye (Abyss:3)
  9 fauns
  4 cyclopes
  10 manticores
  27 black mambas
  5 elephants
  A worldbinder (Abyss:3)
  3 merfolk sirens
  8 vault sentinels
  12 naga magi
  A rust devil (Abyss:3)
  7 water nymphs
  8 cane toads
  A yaktaur zombie (Vaults:1)
  2 kobold demonologists
  An efreet (Abyss:3)
  2 freezing wraiths
  3 rime drakes
  12 yaktaurs
  6 komodo dragons
  2 ancient zymes (Abyss:3)
  A tengu conjurer (D:14)
  3 polar bears (Lair:5)
  11 merfolk
  8 trolls
  6 wind drakes
  Prince Ribbit (D:6)
  14 slime creatures
  Grinder (D:6)
  A harpy skeleton (Abyss:3)
  4 hornets
  9 blink frogs
  5 snapping turtles
  6 raiju (Abyss:3)
  3 dream sheep (Shoals:1)
  A snapping turtle (shapeshifter) (Elf:2)
  A human simulacrum (Vaults:1)
  A flying skull (Abyss:3)
  2 shadows
  10 spriggans (Lair:5)
  2 vampires
  22 water elementals
  3 air elementals
  Eustachio (D:6)
  7 large abominations (Abyss:3)
  4 wyverns
  2 neqoxecs (Abyss:3)
  6 basilisks
  52 yaks
  A redback (shapeshifter) (D:15)
  6 wraiths (D:12)
  7 vampire mosquitoes
  Menkaure (D:7)
  A redback (Vaults:1)
  14 wargs
  A human zombie (Vaults:1)
  2 acid dragons
  26 nagas
  11 water moccasins
  13 orc warriors
  An ice beast (D:7)
  6 black bears
  4 boggarts (Lair:5)
  12 ogres
  28 wolves
  3 centaurs
  4 small abominations (Abyss:3)
  3 kobold brigands
  A necrophage (D:7)
  4 scorpions (D:5)
  An earth elemental (Elf:1)
  10 bullfrogs
  A gnoll sergeant (D:11)
  11 killer bees
  8 electric eels
  2 howler monkeys
  11 starcursed masses (Abyss:3)
  A quasit (Abyss:3)
  A hound (D:4)
  11 jellies
  28 orc priests
  17 orc wizards
  Natasha (thrice) (D:3)
  3 iguanas
  9 gnolls
  4 adders
  2 shadow imps
  4 white imps
  2 worms
  2 dart slugs (D:4)
  63 orcs
  6 bats
  8 endoplasms
  7 giant cockroaches
  7 goblins
  9 hobgoblins
  4 quokkas
  6 ball pythons
  2 frilled lizards (D:3)
  17 kobolds
  4 rats (D:3)
  A bush (D:14)
1050 creatures vanquished.

Vanquished Creatures (collateral kills)
  A deep elf master archer (Elf:3)
  Polyphemus (Shoals:3)
  Donald (Shoals:4)
  A nagaraja (Snake:2)
  A vault warden (Vaults:2)
  2 deep elf sorcerers (Elf:3)
  A deep elf elementalist (Elf:3)
  A cacodemon (Abyss:3)
  An ironbound thunderhulk (Vaults:2)
  4 deep elf annihilators (Elf:3)
  A red draconian (Volcano)
  A purple draconian (Abyss:3)
  The ghost of Icepheonix32 the Protected, a journeyman MiFi of Okawaru (Orc:1)
  3 dire elephants (Vaults:1)
  A merfolk javelineer (Shoals:4)
  3 merfolk impalers
  2 yaktaur captains
  3 deep elf high priests (Elf:3)
  A salamander tyrant (Snake:4)
  A vault guard (Vaults:2)
  A merfolk avatar (Shoals:4)
  A hydra (D:15)
  A catoblepas (Shoals:3)
  3 anacondas
  5 naga warriors
  An alligator snapping turtle (Shoals:4)
  2 merfolk aquamancers (Shoals:4)
  5 two-headed ogres
  3 naga sharpshooters
  A death yak (Shoals:3)
  A tengu warrior (D:14)
  A hell hog (Abyss:3)
  3 orc high priests (Orc:2)
  A skeletal warrior (D:14)
  A salamander mystic (Snake:3)
  2 deep trolls (Vaults:2)
  3 large abominations (Abyss:3)
  3 sea snakes
  A glowing orange brain (Abyss:3)
  An ironbound convoker (Vaults:3)
  A starcursed mass (Abyss:3)
  A deep elf zephyrmancer (Elf:3)
  An orc knight (Vaults:3)
  A deep elf archer (Elf:3)
  2 mana vipers
  A wizard (Vaults:2)
  6 harpies
  A deep elf pyromancer (Elf:1)
  5 fauns
  3 ugly things
  A cyclops (D:13)
  4 manticores
  4 salamanders
  A guardian serpent (Snake:2)
  A water nymph (Shoals:4)
  4 merfolk sirens
  2 vault sentinels
  9 black mambas
  An orange demon (Abyss:3)
  A cane toad (Lair:5)
  4 naga magi
  A yaktaur (Vaults:2)
  9 merfolk
  2 polar bears
  2 wind drakes (Shoals:4)
  2 hornets (Lair:5)
  A blink frog (Lair:4)
  2 slime creatures
  3 snapping turtles
  A shadow (Abyss:3)
  4 spriggans (Lair:5)
  4 water elementals
  A fire elemental (Elf:1)
  2 yaks (Lair:4)
  2 basilisks (Lair:5)
  5 wargs (Orc:2)
  14 nagas
  2 water moccasins
  2 orc warriors (Orc:2)
  3 small abominations (Abyss:3)
  2 ogres
  A centaur (D:11)
  2 wolves
  A quasit (Abyss:3)
  3 jellies (Lair:5)
  8 orc priests (Orc:2)
  An orc wizard (Orc:2)
  7 orcs
  2 ball lightnings
  A lurking horror (Abyss:3)
215 creatures vanquished.

Vanquished Creatures (others)
  A black mamba (Snake:3)
  A blink frog (shapeshifter) (Elf:1)
  157 ball lightnings
  A bush (D:14)
  A fire vortex (Lair:1)
  9 fulminant prisms
  42 fungi
  99 plants
311 creatures vanquished.

Grand Total: 1576 creatures vanquished

Notes
Turn   | Place    | Note
-------+----------+-------------------------------------------
     0 | D:1      | Lutefisk the Draconian Conjurer began the quest for the
                  | Orb.
     0 | D:1      | Reached XP level 1. HP: 14/14 MP: 3/3
    57 | D:1      | Found a faded altar of an unknown god.
   163 | D:1      | Reached skill level 1 in Fighting
   220 | D:2      | Reached XP level 2. HP: 14/24 MP: 1/5
   228 | D:2      | Learned a level 2 spell: Searing Ray
   596 | D:2      | Reached XP level 3. HP: 23/31 MP: 1/6
  1045 | D:3      | Noticed Natasha
  1062 | D:3      | Killed Natasha
  1063 | D:3      | Reached XP level 4. HP: 20/40 MP: 1/7
  1166 | D:3      | Noticed Natasha
  1173 | D:3      | Killed Natasha
  1195 | D:3      | Noticed Natasha
  1201 | D:3      | Killed Natasha
  1208 | D:3      | Noticed Sigmund
  1315 | D:3      | Found a white marble altar of Elyvilon.
  1322 | D:3      | Found a sparkling altar of Nemelex Xobeh.
  1381 | D:4      | Learned a level 3 spell: Dazzling Flash
  1416 | D:4      | Noticed a kobold brigand
  1421 | D:4      | Reached XP level 5. HP: 46/46 MP: 2/8
  1435 | D:4      | Reached skill level 5 in Conjurations
  1587 | D:4      | Learned a level 2 spell: Static Discharge
  1651 | D:4      | Reached XP level 6. HP: 43/53 MP: 1/10
  1673 | D:5      | Entered Level 5 of the Dungeon
  1674 | D:5      | Noticed Pikel
  1693 | D:5      | Reached skill level 1 in Air Magic
  1830 | D:4      | Reached skill level 5 in Fighting
  1830 | D:4      | Reached skill level 1 in Hexes
  2014 | D:4      | Found Duogisoqo's Distillery.
  2019 | D:4      | Bought 2 potions of heal wounds for 100 gold pieces
  2166 | D:5      | Your scales start taking on a glossy black colour.
  2166 | D:5      | Reached XP level 7. HP: 60/61 MP: 2/12
  2166 | D:5      | Gained mutation: You are resistant to electric shocks.
                  | (rElec) [Black Draconian growth]
  2308 | D:5      | Reached skill level 2 in Air Magic
  2338 | D:5      | Reached skill level 3 in Air Magic
  2414 | D:5      | Found a broken altar of Ashenzari.
  2567 | D:6      | Noticed Eustachio
  2583 | D:6      | Killed Eustachio
  2584 | D:6      | Reached skill level 1 in Evocations
  2584 | D:6      | Reached XP level 8. HP: 49/70 MP: 0/14
  2685 | D:6      | Noticed Prince Ribbit
  2695 | D:6      | Killed Prince Ribbit
  2840 | D:6      | Noticed Grinder
  2845 | D:6      | Killed Grinder
  2990 | D:7      | Noticed Menkaure
  2997 | D:7      | Killed Menkaure
  3120 | D:7      | Noticed a hornet
  3128 | D:7      | Killed a hornet
  3129 | D:7      | Reached skill level 5 in Spellcasting
  3129 | D:7      | Reached XP level 9. HP: 48/79 MP: 6/16
  3209 | D:7      | Found Essioj's Assorted Antiques.
  3284 | D:7      | Reached skill level 5 in Dodging
  3284 | D:7      | Found a radiant altar of Vehumet.
  3298 | D:7      | Became a worshipper of Vehumet
  3516 | D:8      | Reached skill level 4 in Air Magic
  3535 | D:8      | Reached skill level 5 in Air Magic
  3553 | D:8      | Found a transporter.
  3555 | D:8      | Found a viscous altar of Jiyva.
  3555 | D:8      | Noticed a glowing orange brain
  3599 | D:8      | Found a hide-covered altar of Uskayaw.
  3610 | D:8      | Found a glowing silver altar of Zin.
  3764 | D:8      | Learned a level 4 spell: Iskenderun's Mystic Blast
  3880 | D:8      | Found a transporter.
  3927 | D:9      | Reached * piety under Vehumet
  3927 | D:9      | Offered knowledge of Foxfire by Vehumet.
  3928 | D:9      | Reached skill level 1 in Translocations
  3960 | D:9      | Found an ancient bone altar of Kikubaaqudgha.
  4058 | D:9      | Noticed a kobold demonologist
  4061 | D:9      | Noticed an ice devil
  4163 | D:9      | Killed a kobold demonologist
  4243 | D:9      | Reached XP level 10. HP: 71/86 MP: 10/17
  4409 | D:9      | Found an opulent altar of Gozag.
  4687 | D:9      | Found a sacrificial altar of Ru.
  4741 | D:10     | Entered Level 10 of the Dungeon
  4741 | D:10     | Noticed a two-headed ogre
  4752 | D:10     | Killed a two-headed ogre
  4781 | D:10     | Learned a level 4 spell: Fulminant Prism
  4835 | D:10     | Noticed a two-headed ogre
  4939 | D:10     | Found Fineq's Magic Scroll Shop.
  4942 | D:10     | Bought a scroll of fear for 68 gold pieces
  4942 | D:10     | Bought a scroll of fear for 68 gold pieces
  5022 | D:10     | Found a bloodstained altar of Trog.
  5473 | D:10     | Found a staircase to the Lair.
  5522 | D:10     | Reached skill level 10 in Conjurations
  5542 | Lair:1   | Entered Level 1 of the Lair of Beasts
  5547 | Lair:1   | Noticed a six-headed hydra
  5573 | Lair:1   | Offered knowledge of Sandblast by Vehumet.
  5588 | Lair:1   | Killed a six-headed hydra
  5588 | Lair:1   | Reached ** piety under Vehumet
  5589 | Lair:1   | Reached skill level 6 in Air Magic
  5727 | Lair:1   | Noticed a black mamba
  5733 | Lair:1   | Killed a black mamba
  5734 | Lair:1   | Reached skill level 7 in Air Magic
  5772 | Lair:1   | Reached XP level 11. HP: 86/94 MP: 15/20
  5883 | Lair:1   | Reached skill level 8 in Air Magic
  6204 | Lair:2   | Found a staircase to the Snake Pit.
  6222 | Lair:2   | Learned a level 4 spell: Airstrike
  6554 | Lair:2   | Reached skill level 9 in Air Magic
  6610 | Lair:2   | Offered knowledge of Poisonous Vapours by Vehumet.
  6716 | Lair:3   | Reached skill level 10 in Fighting
  6898 | Lair:3   | Reached skill level 10 in Air Magic
  6898 | Lair:3   | Reached XP level 12. HP: 59/106 MP: 7/23
  6914 | Lair:3   | Found a staircase to the Shoals.
  7057 | Lair:3   | Reached *** piety under Vehumet
  7087 | Lair:3   | Learned a level 4 spell: Summon Lightning Spire
  7156 | Lair:3   | Reached skill level 1 in Summonings
  7386 | Lair:4   | Found a dark tunnel.
  7391 | Volcano  | Entered a volcano
  7407 | Volcano  | Noticed an ogre mage
  7429 | Volcano  | Noticed a two-headed ogre
  7429 | Volcano  | Noticed a two-headed ogre
  7452 | Volcano  | Killed a two-headed ogre
  7462 | Volcano  | Noticed a two-headed ogre
  7478 | Volcano  | Killed a two-headed ogre
  7481 | Volcano  | Noticed a two-headed ogre
  7489 | Volcano  | Killed a two-headed ogre
  7500 | Volcano  | Noticed a two-headed ogre
  7512 | Volcano  | Killed a two-headed ogre
  7543 | Volcano  | Killed an ogre mage
  7544 | Volcano  | Reached skill level 10 in Dodging
  7548 | Volcano  | Noticed a two-headed ogre
  7550 | Volcano  | Noticed a red draconian
  7552 | Volcano  | Killed a two-headed ogre
  7556 | Volcano  | Killed a red draconian
  7604 | Volcano  | Killed a two-headed ogre
  7636 | Volcano  | Found a burning altar of Makhleb.
  7845 | Lair:4   | Offered knowledge of Ignite Poison by Vehumet.
  7847 | Lair:4   | Reached skill level 10 in Spellcasting
  8003 | Lair:4   | Reached skill level 11 in Air Magic
  8004 | Lair:4   | Reached XP level 13. HP: 28/113 MP: 14/27
  8007 | Lair:4   | Reached **** piety under Vehumet
  8088 | Lair:5   | Entered Level 5 of the Lair of Beasts
  8138 | Lair:5   | Offered knowledge of Freezing Cloud by Vehumet.
  8189 | Lair:5   | Noticed Urug
  8255 | Lair:4   | Reached skill level 1 in Shields
  8255 | Lair:4   | Reached skill level 12 in Air Magic
  8346 | Lair:5   | Found a staircase to the Slime Pits.
  8351 | Lair:5   | Found a viscous altar of Jiyva.
  8920 | Lair:5   | Reached skill level 5 in Shields
  9348 | Lair:4   | Killed Urug
  9612 | Lair:5   | Paralysed by a hornet for 1 turns
  9824 | Lair:5   | Reached ***** piety under Vehumet
  9832 | Lair:5   | Offered knowledge of Iskenderun's Battlesphere by Vehumet.
 10302 | Lair:5   | Reached skill level 10 in Shields
 10474 | D:11     | Found a staircase to the Orcish Mines.
 10481 | Orc:1    | Entered Level 1 of the Orcish Mines
 10490 | Orc:1    | Found a runed translucent gate.
 10498 | Orc:1    | Gained mutation: Your large and strong wings let you fly.
                  | [Black Draconian growth]
 10498 | Orc:1    | Reached XP level 14. HP: 64/121 MP: 7/28
 10502 | Orc:1    | Found a runed translucent gate.
 10504 | Orc:1    | Found a runed translucent gate.
 10509 | Orc:1    | Noticed Icepheonix32's ghost (journeyman MiFi)
 10821 | Orc:2    | Entered Level 2 of the Orcish Mines
 10918 | Orc:2    | Reached skill level 13 in Air Magic
 10933 | Orc:2    | Found a staircase to the Elven Halls.
 11167 | Orc:2    | Learned a level 5 spell: Iskenderun's Battlesphere
 11304 | Orc:2    | Offered knowledge of Conjure Ball Lightning by Vehumet.
 11306 | Orc:2    | Reached skill level 14 in Air Magic
 11596 | Orc:2    | Found Affytaps's Assorted Antiques.
 11596 | Orc:2    | Found Leerror's Antique Weapon Shop.
 11639 | Orc:2    | Bought a potion of heal wounds for 80 gold pieces
 11639 | Orc:2    | Bought a potion of mutation for 128 gold pieces
 11710 | Orc:2    | Found Sydwubb's Jewellery Shoppe.
 11710 | Orc:2    | Found Mowkijoifu's Weapon Shop.
 12154 | D:12     | Noticed Josephine
 12164 | D:12     | Killed Josephine
 12260 | D:12     | Learned a level 6 spell: Conjure Ball Lightning
 12401 | D:12     | Noticed Nergalle
 12408 | D:12     | Killed Nergalle
 12604 | D:13     | Noticed Nessos
 12611 | D:13     | Killed Nessos
 13545 | D:13     | Offered knowledge of Iron Shot by Vehumet.
 13630 | D:13     | HP: 5/126 [cyclops/large rock (39)]
 14203 | D:14     | Reached XP level 15. HP: 39/132 MP: 4/31
 14415 | D:14     | Learned a level 4 spell: Sticky Flame
 14480 | D:14     | Found Aga Tiemm's Antique Weapon Emporium.
 14496 | D:14     | Learned a level 6 spell: Iron Shot
 14828 | D:14     | Found Bisirgh's Jewellery Shop.
 14877 | D:14     | Reached skill level 1 in Earth Magic
 14953 | D:15     | Entered Level 15 of the Dungeon
 15041 | D:15     | Found a transporter.
 15042 | D:15     | Found a transporter.
 15042 | D:15     | Found a transporter.
 15045 | D:15     | Found a sparkling altar of Nemelex Xobeh.
 15045 | D:15     | Noticed a juggernaut
 15046 | D:15     | Found a transporter.
 15046 | D:15     | Found a transporter.
 15050 | D:15     | Found a transporter.
 15142 | D:15     | Found a runed translucent gate.
 15144 | D:15     | Found a runed translucent gate.
 15145 | D:15     | Found a runed translucent gate.
 15385 | D:15     | Found a staircase to the Depths.
 15386 | D:15     | Noticed a fire giant
 15396 | D:15     | Found a runed translucent door.
 15396 | D:15     | Found the +3 pair of gauntlets of War {Slay+5}
 16167 | D:13     | Found a gate to the Vaults.
 16622 | D:11     | Noticed Erolcha
 16624 | D:11     | Killed Erolcha
 16873 | Snake:1  | Entered Level 1 of the Snake Pit
 16998 | Shoals:1 | Entered Level 1 of the Shoals
 18068 | D:10     | Reached ****** piety under Vehumet
 18292 | Snake:1  | Found Atyag's Book Emporium.
 18292 | Snake:1  | Identified the +4 chain mail of the Hurricane {rN++ Regen+
                  | Str-5 Dex+4}
 18364 | Snake:1  | Reached skill level 15 in Air Magic
 18812 | Snake:2  | Noticed a nagaraja
 19453 | Lair:3   | Reached XP level 16. HP: 105/139 MP: 22/32
 19543 | Lair:3   | Reached skill level 5 in Evocations
 20105 | Shoals:1 | Noticed Mlioglotl
 20341 | Lair:3   | Killed Mlioglotl
 20341 | Lair:3   | Offered knowledge of Starburst by Vehumet.
 20565 | Shoals:1 | Identified the +1 robe of Shrieking Intercession {Rampage
                  | rN+ Int-4}
 21013 | Shoals:1 | Identified the +0 chain mail "Regita" {*Corrode Dex+6}
 21330 | Shoals:2 | Found Arrou's Assorted Antiques.
 21343 | Shoals:2 | Bought a scroll of teleportation for 96 gold pieces
 21349 | Shoals:2 | Identified the +2 robe of Piezan {rC++ Int-5 Dex-2
                  | Archmagi}
 21412 | Shoals:2 | Noticed RogueRain17's ghost (journeyman DsFE)
 21414 | Shoals:2 | Identified the ring of Hawegrost {Will+ MP+9 Str+4}
 21416 | Shoals:2 | Noticed a kraken
 21417 | Shoals:2 | Found a transporter.
 21425 | Shoals:2 | Found a transporter.
 22736 | Shoals:3 | Identified a scroll of acquirement
 22747 | Shoals:3 | Acquired a staff of air
 22873 | Shoals:3 | Noticed Polyphemus
 22875 | Shoals:3 | Reached skill level 1 in Staves
 22902 | Shoals:3 | Killed Polyphemus
 23001 | Shoals:3 | Offered knowledge of Irradiate by Vehumet.
 23140 | Shoals:4 | Entered Level 4 of the Shoals
 24127 | Shoals:4 | Noticed Donald
 24135 | Shoals:4 | Killed Donald
 24621 | Shoals:4 | Reached skill level 5 in Staves
 24709 | Shoals:4 | Paralysed by an air elemental for 1 turns
 24943 | Shoals:4 | Reached XP level 17. HP: 87/146 MP: 19/34
 25880 | Shoals:4 | Offered knowledge of Lee's Rapid Deconstruction by Vehumet.
 26290 | Shoals:4 | Got a barnacled rune of Zot
 26380 | Shoals:4 | Reached skill level 16 in Air Magic
 26568 | D:10     | Learned a level 8 spell: Maxwell's Capacitive Coupling
 26656 | Elf:1    | Entered Level 1 of the Elven Halls
 26675 | Elf:1    | Identified the +2 hand axe of Lerut {vorpal, rPois rCorr
                  | Str+2}
 27012 | Snake:2  | Noticed Agnes
 27027 | Snake:2  | Killed Agnes
 27402 | Snake:2  | Noticed Aizul
 27413 | Snake:2  | Killed Aizul
 27856 | Snake:2  | Reached skill level 17 in Air Magic
 28808 | Snake:3  | Noticed Mara
 28820 | Snake:3  | Noticed Lutefisk's illusion
 29252 | Snake:3  | Killed Mara
 29573 | Snake:4  | Entered Level 4 of the Snake Pit
 29589 | Snake:4  | Noticed Vashnia
 29868 | Snake:4  | Killed Vashnia
 30259 | Snake:4  | Reached XP level 18. HP: 140/157 MP: 3/36
 30532 | Snake:4  | Identified the +4 ring mail of Dapluh {rC- Int+3 SInv}
 30742 | Snake:4  | Reached skill level 18 in Air Magic
 30821 | Snake:4  | Offered knowledge of Lehudib's Crystal Spear by Vehumet.
 30904 | Snake:4  | Got a serpentine rune of Zot
 31273 | D:4      | Bought a potion of mutation for 80 gold pieces
 31273 | D:4      | Bought a potion of heal wounds for 50 gold pieces
 31273 | D:4      | Bought 2 potions of heal wounds for 100 gold pieces
 31273 | D:4      | Bought a potion of magic for 80 gold pieces
 31273 | D:4      | Bought a potion of heal wounds for 50 gold pieces
 31273 | D:4      | Bought a potion of attraction for 30 gold pieces
 31273 | D:4      | Bought a potion of attraction for 30 gold pieces
 31420 | D:8      | Identified the +11 whip "Kumapul" {vorpal, rC+}
 31593 | Orc:1    | Killed Icepheonix32's ghost
 31803 | Elf:1    | Identified Roxanne's Secrets of Shapes
 31803 | Elf:1    | Noticed Roxanne
 31838 | Elf:1    | Reached skill level 15 in Spellcasting
 32423 | Elf:2    | Identified the +0 robe of Myumeyn {-Tele Will- Int+7}
 32521 | Elf:2    | Learned a level 5 spell: Lightning Bolt
 32670 | Elf:1    | Found an ancient bone altar of Kikubaaqudgha.
 32784 | Elf:3    | Entered Level 3 of the Elven Halls
 33046 | Elf:3    | Noticed a Tzitzimitl
 33211 | Elf:3    | Paralysed by an air elemental for 1 turns
 33214 | Elf:3    | Paralysed by an air elemental for 1 turns
 33895 | Elf:3    | Identified the +8 great sword of Equivalence {antimagic,
                  | Contam Will++ rCorr SInv}
 33895 | Elf:3    | Identified the ring "Ylo Viu" {rPois rN+ Str+2}
 33907 | Elf:3    | Identified the +1 robe "Foynoajo" {rC++}
 33914 | Elf:3    | Identified the +5 mace of Nineskur {freeze, *Noise Will+++
                  | rCorr Dex+3}
 33914 | Elf:3    | Identified the ring "Lorapp" {Fire Slay+2}
 33964 | Elf:3    | Identified the +5 rapier "Qitop" {pain, rCorr}
 34127 | Elf:3    | Identified the +3 robe of the Crypt {Drain rElec rPois
                  | rC++}
 34136 | Elf:3    | Got Sif Muna's Compendium of the Swarm
 34144 | Elf:3    | Identified the +7 plate armour "Jotaemew" {Drain Dex+4
                  | Stlth+}
 34194 | Elf:3    | Identified the +1 falchion "Teitahafu" {flame, Fly rElec
                  | rC+}
 34222 | Elf:3    | Identified the +2 pair of boots "Caclaus" {Regen+}
 34360 | Elf:3    | Noticed a Brimstone Fiend
 34360 | Abyss:3  | Cast into level 3 of the Abyss (a deep elf demonologist)
 34452 | Abyss:3  | Offered knowledge of Shatter by Vehumet.
 34452 | Abyss:3  | Offered knowledge of Chain Lightning by Vehumet.
 34452 | Abyss:3  | Offered knowledge of Polar Vortex by Vehumet.
 34455 | Abyss:3  | Reached skill level 15 in Shields
 34455 | Abyss:3  | Reached XP level 19. HP: 135/167 MP: 15/38
 34514 | Abyss:3  | Paralysed by accursed screaming for 1 turns
 34533 | Abyss:3  | Noticed a bone dragon
 34575 | Abyss:3  | Found a corrupted altar of Lugonu.
 34590 | Abyss:3  | Reached skill level 15 in Dodging
 34640 | Abyss:3  | Found a corrupted altar of Lugonu.
 34662 | Abyss:3  | Reached skill level 5 in Stealth
 34753 | Abyss:3  | Found a corrupted altar of Lugonu.
 34776 | Elf:3    | Escaped the Abyss
 35038 | Vaults:1 | Entered Level 1 of the Vaults
 35105 | Vaults:1 | Reached skill level 15 in Fighting
 35298 | Vaults:1 | Found Ijuklast's Book Emporium.
 35313 | Vaults:1 | Reached skill level 19 in Air Magic
 35584 | Vaults:1 | Identified the +7 halberd of Midsummer {freeze, rCorr MP+9
                  | Str+2 Int-5}
 35734 | Vaults:2 | Found Keim's Distillery.
 35744 | Vaults:2 | Bought a potion of heal wounds for 100 gold pieces
 35744 | Vaults:2 | Bought a potion of heal wounds for 100 gold pieces
 35744 | Vaults:2 | Bought a potion of resistance for 200 gold pieces
 35748 | Vaults:2 | Found Osud's Antique Weapon Boutique.
 35751 | Vaults:2 | Bought a shimmering demon whip for 540 gold pieces
 35751 | Vaults:2 | Identified the +3 demon whip "Zaddaw" {pain, Str+4} (You
                  | bought it in a shop on level 2 of the Vaults)
 35790 | Vaults:2 | Found Liunto's Armour Emporium.
 35839 | Vaults:2 | Found Tarocuny's Antique Weapon Boutique.
 35869 | Vaults:2 | Reached skill level 20 in Air Magic
 35959 | Vaults:2 | HP: 7/170 [spore (10)]
 36014 | Vaults:2 | Reached XP level 20. HP: 61/178 MP: 22/40
 36266 | Vaults:2 | Found Docvezeuch's Distillery.
 36272 | Vaults:2 | Bought a potion of curing for 63 gold pieces
 36272 | Vaults:2 | Bought a potion of mutation for 168 gold pieces
 36272 | Vaults:2 | Bought a potion of mutation for 168 gold pieces
 36272 | Vaults:2 | Bought a potion of heal wounds for 105 gold pieces
 36448 | Vaults:3 | Noticed Zenata
 36603 | Vaults:3 | Demolished by a vault warden

Illustrated notes

Levels and vault maps discovered:
D:1:      sevenhm_arrival_forest_fort_small_3, layout_basic,
          dilly_ecumenical_altar_fadedgnrine, dreamdust_princess_corridor,
          serial_bayou_pond_c
D:2:      layout_loops_ring, uniq_crazy_yiuf_cottage
D:3:      layout_rooms, amethyst_overflow_temple_binary, serial_forest,
          infiniplex_forest_straight_2, infiniplex_forest_clump_double,
          infiniplex_forest_lined_room_2, infiniplex_forest_clump_small,
          infiniplex_forest_join, infiniplex_forest_clump_diagonal,
          infiniplex_forest_lined_room_3, infiniplex_forest_clump_small,
          minmay_misc_feat_tower, uniq_sigmund, uniq_natasha
D:4:      minmay_clustersquares, layout_basic, serial_shops,
          nicolae_shop_hallway_plus
D:5:      layout_loops_ring, ashenzari_conservatory_becter,
          minmay_temple_entry_glassed_door, minmay_increasing_density,
          uniq_pikel
D:6:      layout_loops_ring, uniq_grinder, uniq_eustachio, uniq_prince_ribbit1
D:7:      layout_basic, vehumet_altar_wand_db, serial_shops, shop,
          nicolae_concentric_dashed_squares_wild, uniq_menkaure
D:8:      gammafunk_jiyva_shrine, layout_cave_pools,
          mainiacjoe_overflow_catch_the_wave
D:9:      layout_basic, mainiacjoe_overflow_catwalk_spiral,
          mainiacjoe_overflow_small_starburst, serial_bayou,
          serial_bayou_lagoon_a, serial_bayou_ford_a, serial_bayou_shore_b,
          serial_bayou_lake_a
D:10:     layout_loops_ring, lemuel_tele_altar, erik_lair_orcish_takeover,
          serial_rivers, chequers_serial_rivers_micro_a,
          chequers_serial_rivers_micro_b, chequers_serial_rivers_small_b,
          chequers_serial_rivers_small_b, serial_shops, nicolae_shop_trees
D:11:     layout_basic, minmay_orc_entry_guard_dogs, kennysheep_generic_room_10,
          uniq_erolcha
D:12:     layout_basic, uniq_nergalle, uniq_josephine
D:13:     layout_small_grid, david_vaults_2, uniq_nessos
D:14:     layout_loops_ring, serial_park_square2, serial_shops,
          nicolae_shop_competitors_out_of_business, shop, minivault_19
D:15:     grunt_enter_depths_giant_problem, layout_basic,
          minmay_stone_trees_medium, gammafunk_ghost_icy, minmay_st_funbox,
          grunt_ministairs_4, hellmonk_jugg_or_not
Lair:1:   layout_gridlike, grunt_megastairs_3, serial_bayou_shore_b
Lair:2:   layout_chaotic_city, dummy_snake_entry
Lair:3:   layout_chaotic_city, minmay_shoals_entry_beasts, lemuel_fruit_tree
Lair:4:   layout_roguey, enter_volcano_4, serial_bayou_lagoon_b
Lair:5:   minmay_lair_end_enchanted_forest, layout_regular_city,
          minmay_slime_entry_jelly_boxes, uniq_urug
Shoals:1: nicolae_shoals_island_circles, layout_shoals,
          nicolae_shoals_arrival_archipelago, uniq_mlioglotl
Shoals:2: layout_shoals, serial_shops, shop, ebering_ghost_davey_jones
Shoals:3: layout_shoals, uniq_polyphemus
Shoals:4: shoals_end_hellmonk_storm_palace [storm_palace_center_ruins,
          storm_palace_corner_grid, storm_palace_corner_grid,
          storm_palace_corner_grid, storm_palace_corner_blocked], uniq_donald
Snake:1:  layout_layer_cave, serial_shops, shop, grunt_ministairs_13
Snake:2:  layout_layer_cave, grunt_megastairs_5, uniq_aizul, uniq_agnes
Snake:3:  layout_basic, nicolae_snake_squiggles, uniq_mara
Snake:4:  minmay_snake_end_coiled, layout_gridlike, uniq_vashnia
Orc:1:    layout_caves, gammafunk_ghost_split, mines2_david
Orc:2:    st_orc_town, layout_diamond_mine, mines5_lemuel
Elf:1:    layout_gridlike, minmay_elf_crystal_hexagon,
          amcnicky_mini_rare_corridor_liquid, lemuel_upstairs_altar,
          uniq_roxanne
Elf:2:    nicolae_elf_blades_splatter_lattice [nicolae_blade_lattice],
          layout_geoelf_diagonals, minivault_11
Elf:3:    minmay_elf_hall_dome, layout_onion_city
Vaults:1: ontoclasm_vaults_chip, vaults_room_glass_cross, v_pattern_1,
          v_rooms_1, vaults_room_fancy_cross, ontoclasm_vaults_eye,
          nicolae_vaults_specimen_jars, v_misc_29, v_rooms_4,
          hangedman_vaults_stretched_pinwheel, nicolae_vaults_little_squares_5,
          layout_vaults_big_room, serial_shops, shop
Vaults:2: v_alt_pattern_3, vaults_room_fours, vaults_room_boxed,
          nicolae_vaults_what_the_h, dpeg_vaults_monster_row,
          grunt_vaults_diagonal, nicolae_vaults_network_periphery,
          nicolae_vaults_network_star, v_misc_17, vaults_room_door_ring,
          vaults_dpeg_diagonal, ontoclasm_vaults_twist, nicolae_vaults_asterisk,
          layout_vaults_ring, serial_shops, nicolae_square_shop, shop,
          nicolae_diamond_shop, nicolae_shop_behind_doors, shop
Vaults:3: vaults_room_fours, hangedman_vaults_corner_blocks,
          nicolae_vaults_little_squares_3, st_greater_box_5,
          ontoclasm_vaults_pinch, v_misc_5, hangedman_vaults_slice, v_pattern_4,
          minmay_crypt_entry_necro_gods, v_misc_3, vaults_dpeg_ring,
          layout_vaults_omnicross, serial_shops, shop, shop, shop, uniq_zenata

Skill      XL: |  1  2  3  4  5  6  7  8  9 10 11 12 13 14 15 16 17 18 19 |
---------------+----------------------------------------------------------+-----
Fighting       | 1 3 4 5 6 7 8 10 12 13 14 15 | 15.0
Stealth        | 2 5 |  5.0
Dodging        | 2 3 4 6 7 8 10 12 14 15 | 15.5
Conjurations   | 5 6 7 10 | 10.0
Spellcasting   | 3 4 5 6 7 10 12 13 14 15 16 | 16.1
Air Magic      | 1 3 5 7 10 11 12 14 15 17 18 20 | 20.0
Hexes          | 1 |  1.0
Evocations     | 1 3 4 6 |  6.0
Translocations | 1 |  1.0
Summonings     | 2 |  2.0
Shields        | 10 12 14 15 | 15.6
Earth Magic    | 1 |  1.0
Staves         | 5 6 |  6.0

Action                   |  1- 3 |  4- 6 |  7- 9 | 10-12 | 13-15 | 16-18 | 19-21 || total
-------------------------+-------+-------+-------+-------+-------+-------+-------++-------
Melee: Flail             |    62 |    41 |    80 |    36 |    23 |       |       ||   242
       Tailslap          |     7 |     6 |     7 |     7 |    29 |    20 |    17 ||    93
       Punch             |       |       |     1 |       |       |       |       ||     1
       Dire flail        |       |       |       |    14 |       |       |       ||    14
       Battleaxe         |       |       |       |    13 |       |       |       ||    13
       Long sword        |       |       |       |       |   155 |    45 |       ||   200
       Staff             |       |       |       |       |       |   109 |    84 ||   193
       Hand axe          |       |       |       |       |       |    45 |       ||    45
 Fire: Sling             |     2 |       |       |       |       |       |       ||     2
Throw: Dart              |       |     1 |     6 |     3 |    14 |    12 |       ||    36
       Javelin           |       |       |       |       |     1 |     3 |     2 ||     6
 Cast: Magic Dart        |    36 |    36 |    30 |    40 |   112 |   191 |    28 ||   473
       Searing Ray       |     3 |    13 |    22 |    36 |    54 |    60 |     2 ||   190
       Static Discharge  |       |     1 |    50 |    92 |   267 |   192 |    60 ||   662
       Fulminant Prism   |       |       |       |     8 |     1 |       |       ||     9
       Airstrike         |       |       |       |    21 |   102 |    98 |     4 ||   225
       Dazzling Flash    |       |       |       |     2 |     2 |       |       ||     4
       Summon Lightning  |       |       |       |    11 |    84 |   135 |    33 ||   263
       Iskenderun's Batt |       |       |       |       |    24 |    61 |     9 ||    94
       Sticky Flame      |       |       |       |       |    13 |     8 |    11 ||    32
       Conjure Ball Ligh |       |       |       |       |     7 |    26 |    23 ||    56
       Iron Shot         |       |       |       |       |       |    11 |     8 ||    19
       Maxwell's Capacit |       |       |       |       |       |    46 |    16 ||    62
       Lightning Bolt    |       |       |       |       |       |     2 |    90 ||    92
 Abil: Breathe Lightning |       |       |     1 |     4 |     7 |     2 |     1 ||    15
Evoke: Wand              |       |       |     1 |     9 |    21 |     4 |       ||    35
       Box of beasts     |       |       |       |       |       |       |     1 ||     1
       Phantom mirror    |       |       |       |       |       |       |     1 ||     1
  Use: Scroll            |       |     7 |     4 |    21 |    19 |    15 |     4 ||    70
       Potion            |       |       |       |     1 |    10 |     4 |     5 ||    20
 Stab: Sleeping          |     1 |       |     1 |     1 |       |       |       ||     3
       Distracted        |       |       |       |       |     4 |     7 |     7 ||    18
       Petrified         |       |       |       |       |     1 |       |       ||     1
Armor: Skin              |    22 |    38 |    59 |    81 |   168 |   113 |    70 ||   551
Dodge: Dodged            |    44 |    53 |   117 |   200 |   381 |   352 |   195 ||  1342
       Repelled          |       |       |       |       |       |    28 |     7 ||    35
Block: Buckler           |       |       |       |       |   175 |       |       ||   175
       Kite shield       |       |       |       |       |    53 |   713 |   196 ||   962
       Reflection        |       |       |       |       |     2 |   124 |       ||   126
